Map: Sentinel LE

Players

MattBarry

  • Race: Protoss Protoss
  • League: Gold
  • Spawn Location: 9:00

Alebay

  • Race: Protoss Protoss
  • Spawn Location: 12:00

MattBarry

  • Race: Zerg Zerg
  • Spawn Location: 9:00

supermariobb - Winner!

  • Race: Terran Terran
  • Spawn Location: 5:00

MadSkilz - Winner!

  • Race: Zerg Zerg
  • Spawn Location: 6:00

Destruction - Winner!

  • Race: Zerg Zerg
  • Spawn Location: 5:00

VOD

Have the link to the VOD?

Description

Time

  • Played on: Jan. 18, 2023, 10:08 p.m.
  • Length: 27:03
Show
View Real Time Build Order
Export as new Build Order

MattBarry Protoss 

Build Orders:  

Get SALT Encoding   

  12  0:00  Probe  
  13  0:12  Probe  
  14  0:19  Pylon  
  14  0:24  Probe  
  15  0:37  Probe  
  16  0:48  Assimilator  
  16  0:49  Probe  
  17  0:55  Pylon  
  17  1:01  Probe  
  18  1:09  Assimilator  
  18  1:13  Probe  
  18  1:16  Gateway  
  19  1:20  Gateway  
  19  1:28  Pylon  
  19  1:37  Pylon  
  19  1:46  Probe  
  20  2:08  Gateway  
  20  2:15  Probe  
  20  2:24  Pylon, Nexus  
  20  2:40  Probe  
  21  2:52  Probe (Chrono Boost)  
  21  2:55  Cybernetics Core  
  21  2:56  Zealot  
  24  3:04  Probe (Chrono Boost)  
  26  3:13  Probe (Chrono Boost)  
  26  3:18  Probe  
  26  3:20  Pylon  
  27  3:29  Warp Gate (Chrono Boost)  
  27  3:31  Stargate  
  27  3:34  Adept  
  27  3:36  Forge  
  29  3:48  Probe (Chrono Boost)  
  29  3:49  Probe (Chrono Boost)  
  31  3:58  Probe x2 (Chrono Boost)  
  33  4:03  Probe x2 (Chrono Boost)  
  33  4:05  Pylon  
  35  4:14  Adept  
  35  4:15  Probe x2  
  35  4:16  Protoss Ground Weapons Level 1  
  39  4:20  Phoenix (Chrono Boost)  
  41  4:34  Gateway  
  41  4:36  Phoenix (Chrono Boost), Probe x2  
  45  4:43  Pylon  
  45  4:48  Probe x2  
  47  5:00  Probe x2  
  47  5:01  Phoenix  
  51  5:10  Stargate, Pylon  
  51  5:12  Probe  
  51  5:13  Probe  
  51  5:28  Phoenix  
  53  5:35  Stalker x2  
  53  5:37  Probe x2  
  53  5:41  Pylon  
  59  5:48  Pylon  
  59  5:49  Probe x2  
  61  5:53  Phoenix  
  61  5:55  Assimilator  
  63  5:58  Protoss Air Weapons Level 1 (Chrono Boost)  
  63  5:59  Assimilator  
  63  6:02  Gateway  
  63  6:03  Gateway  
  63  6:07  Probe x2  
  65  6:19  Probe x2  
  65  6:22  Phoenix x2  
  71  6:39  Probe x2  
  73  6:47  Phoenix  
  75  7:06  Probe x2  
  77  7:09  Stalker x4  
  83  7:52  Phoenix x2  
  87  8:11  Nexus  
  87  8:15  Probe x2  
  87  8:17  Phoenix x2  
  93  8:27  Probe, Nexus  
  93  8:29  Pylon  
  93  8:30  Pylon  
  93  8:33  Pylon  
  94  8:36  Pylon  
  94  8:47  Probe  
  89  9:07  Twilight Council  
  89  9:09  Pylon  
  89  9:17  Zealot x3  
  89  9:18  Zealot  
  97  9:30  Photon Cannon  
  97  9:31  Photon Cannon  
  97  9:34  Photon Cannon  
  97  9:36  Photon Cannon, Pylon  
  97  9:38  Photon Cannon  
  97  9:39  Pylon  
  97  9:40  Photon Cannon  
  97  9:41  Assimilator  
  91  9:46  Assimilator  
  89  10:01  Phoenix  
  89  10:02  Phoenix  
  82  10:51  Gateway  
  82  10:53  Gateway  
  82  10:55  Gateway  
  82  10:56  Gateway  
  82  11:09  Cybernetics Core  
  82  11:20  Assimilator  
  82  11:21  Zealot  
  82  11:22  Zealot x2  
  82  11:24  Assimilator  
  84  11:59  Probe x3  
  87  12:11  Probe x3  
  87  12:14  Forge x2  
  86  12:20  Twilight Council  
  86  12:23  Stargate  
  86  12:24  Stargate  
  86  12:26  Probe  
  86  12:27  Probe x2  
  89  12:38  Probe  
  89  12:39  Probe x2  
  92  12:45  Protoss Ground Armor Level 1 (Chrono Boost)  
  92  12:55  Nexus  
  92  12:57  Protoss Ground Weapons Level 2 (Chrono Boost), Pylon  
  92  12:59  Pylon  
  92  13:00  Charge  
  92  13:01  Pylon  
  92  13:05  Pylon  
  92  13:06  Pylon  
  92  13:09  Pylon  
  92  13:17  Probe x3  
  95  13:20  Fleet Beacon  
  95  13:22  Photon Cannon  
  95  13:23  Photon Cannon  
  95  13:25  Photon Cannon  
  95  13:27  Photon Cannon  
  95  13:28  Phoenix x2 (Chrono Boost)  
  95  13:29  Photon Cannon, Probe x3  
  95  13:32  Photon Cannon  
  102  13:36  Cybernetics Core  
  102  13:43  Protoss Air Armor Level 1 (Chrono Boost)  
  102  13:50  Stalker  
  102  13:51  Stalker x5  
  102  13:52  Stalker  
  116  14:07  Phoenix x2  
  120  14:23  Protoss Air Weapons Level 2 (Chrono Boost)  
  120  14:24  Probe x4  
  120  14:27  Assimilator  
  120  14:31  Assimilator  
  124  14:35  Anion Pulse-Crystals  
  124  14:36  Probe  
  105  15:31  Protoss Ground Armor Level 2  
  105  15:33  Protoss Ground Weapons Level 3  
  105  15:41  Phoenix x2  
  99  15:49  Protoss Air Armor Level 2 (Chrono Boost)  
  89  16:23  Phoenix x2  
  93  16:33  Blink  
  93  16:44  Stargate  
  93  16:46  Stargate  
  93  16:48  Stargate, Phoenix x2  
  97  17:16  Protoss Air Weapons Level 3 (Chrono Boost)  
  101  17:23  Phoenix x2 (Chrono Boost)  
  101  17:32  Phoenix x3 (Chrono Boost)  
  107  17:43  Phoenix x2 (Chrono Boost)  
  107  17:49  Phoenix x3 (Chrono Boost)  
  117  18:01  Phoenix x2  
  121  18:17  Unknown  
  121  18:24  Phoenix x3  
  121  18:26  Phoenix x2  
  127  18:37  Nexus  
  127  18:40  Pylon  
  125  18:41  Pylon  
  125  18:43  Pylon  
  125  18:45  Pylon  
  125  18:51  Phoenix x3  
  129  19:07  Phoenix x2  
  129  19:31  Phoenix  
  129  19:32  Phoenix  
  133  19:41  Phoenix  
  133  19:42  Phoenix x2  
  127  19:58  Protoss Air Armor Level 3 (Chrono Boost)  
  125  20:19  Phoenix x5  
  125  20:44  Phoenix x5  
  135  21:02  Photon Cannon  
  135  21:04  Photon Cannon  
  135  21:06  Photon Cannon  
  135  21:08  Photon Cannon, Phoenix  
  135  21:09  Phoenix x4  
  135  21:10  Photon Cannon  
  145  21:13  Photon Cannon  
  137  21:53  Phoenix x3  
  137  21:54  Phoenix x2  
  147  22:18  Phoenix x2  
  149  22:49  Phoenix x4  
  149  22:50  Phoenix  
  159  22:53  Protoss Shields Level 1  
  159  23:05  Assimilator  
  159  23:09  Assimilator  
  159  23:37  Phoenix x5  
  169  23:41  Pylon  
  169  23:44  Pylon  
  169  24:08  Pylon  
  169  24:42  Phoenix x5  
  163  25:32  Phoenix x4  
  163  25:33  Phoenix  
Show
View Real Time Build Order
Export as new Build Order

Alebay Protoss 

Build Orders:  

Get SALT Encoding   

  12  0:01  Probe  
  13  0:13  Probe  
  14  0:19  Pylon  
  14  0:25  Probe  
  15  0:37  Probe  
  15  0:40  Gateway  
  16  0:48  Assimilator  
  17  0:50  Probe  
  17  1:02  Probe  
  18  1:06  Pylon  
  18  1:14  Probe  
  19  1:21  Assimilator  
  19  1:26  Probe  
  20  1:34  Cybernetics Core  
  20  1:38  Probe  
  21  1:47  Pylon  
  21  1:50  Probe  
  22  2:08  Gateway  
  22  2:11  Forge  
  22  2:12  Warp Gate (Chrono Boost)  
  22  2:15  Pylon  
  22  2:19  Adept  
  24  2:44  Nexus  
  24  2:51  Pylon  
  24  2:52  Probe  
  25  2:59  Pylon  
  25  3:06  Adept  
  27  3:24  Photon Cannon  
  27  3:28  Probe  
  28  3:40  Probe  
  29  3:44  Twilight Council  
  29  3:50  Adept  
  29  3:53  Probe  
  32  3:55  Stalker  
  32  4:02  Probe  
  35  4:05  Probe  
  36  4:10  Protoss Ground Weapons Level 1 (Chrono Boost)  
  36  4:14  Probe  
  37  4:25  Pylon  
  37  4:26  Probe  
  37  4:27  Stalker  
  37  4:30  Probe  
  41  4:37  Photon Cannon  
  41  4:38  Blink (Chrono Boost)  
  41  4:52  Probe x2  
  43  4:59  Stalker  
  45  5:04  Probe x2  
  47  5:08  Stalker  
  49  5:29  Stalker  
  49  5:34  Stalker  
  53  5:36  Probe x2  
  55  5:48  Assimilator, Probe x2  
  57  5:50  Assimilator  
  57  5:52  Photon Cannon  
  57  5:53  Stalker  
  59  6:00  Gateway  
  59  6:01  Gateway  
  59  6:11  Probe x2  
  59  6:13  Stalker  
  59  6:17  Stalker  
  65  6:21  Robotics Facility  
  65  6:22  Robotics Facility  
  65  6:23  Probe  
  66  6:37  Protoss Ground Armor Level 1 (Chrono Boost)  
  66  6:39  Resonating Glaives  
  66  6:42  Stalker x2  
  70  7:04  Probe x2  
  72  7:10  Stalker  
  62  7:56  Stalker x3  
  62  7:57  Stalker  
  70  8:13  Immortal x2  
  70  8:17  Robotics Facility  
  70  8:18  Robotics Facility  
  78  8:25  Gateway  
  78  8:26  Gateway  
  78  8:32  Protoss Ground Weapons Level 2  
  78  8:43  Nexus  
  72  9:01  Immortal x2  
  80  9:08  Stalker x2  
  80  9:09  Stalker  
  86  9:17  Pylon  
  86  9:20  Pylon  
  86  9:22  Pylon  
  86  9:24  Pylon  
  86  9:40  Stalker x6  
  66  11:00  Stalker x4  
  66  11:01  Stalker  
  66  11:02  Immortal x2  
  92  11:04  Immortal x2  
  92  11:07  Probe x3  
  95  11:19  Probe x3  
  98  11:30  Stalker  
  98  11:31  Stalker x5, Probe  
  105  11:41  Immortal  
  105  11:44  Protoss Shields Level 1 (Chrono Boost)  
  109  11:50  Immortal  
  109  11:51  Immortal x2  
  121  11:59  Probe x2  
  121  12:00  Probe  
  124  12:03  Assimilator  
  124  12:05  Assimilator  
  124  12:11  Probe x2  
  124  12:12  Pylon, Probe  
  124  12:15  Pylon  
  127  12:17  Pylon  
  127  12:45  Stalker x3  
  127  12:47  Stalker x3  
  127  12:51  Immortal x2  
  147  13:00  Immortal x2  
  155  13:20  Stalker  
  157  13:27  Pylon  
  157  13:30  Pylon  
  157  13:31  Photon Cannon x2  
  157  13:37  Photon Cannon  
  157  13:39  Photon Cannon  
  157  13:41  Photon Cannon  
  157  13:43  Photon Cannon  
  157  13:49  Stalker x4  
  61  15:20  Immortal x4  
  73  15:21  Stalker x3  
  73  15:22  Stalker x3  
  85  15:42  Protoss Ground Weapons Level 3 (Chrono Boost)  
  77  15:57  Stalker x5  
  77  15:59  Immortal  
  91  16:11  Immortal x2  
  91  16:12  Immortal  
  103  16:30  Nexus  
  103  16:31  Stalker x6  
  115  16:39  Immortal  
  119  16:51  Immortal  
  123  17:17  Stalker x6  
  119  17:44  Stalker  
  119  17:45  Stalker x5  
  131  18:10  Nexus  
  131  18:16  Pylon  
  131  18:18  Pylon  
  131  18:20  Pylon  
  114  18:51  Stalker x4  
  114  18:52  Stalker x2  
  111  19:16  Stalker x6  
  113  19:57  Stalker x6  
  113  20:50  Stalker x4  
  113  20:51  Stalker x2  
  113  20:53  Immortal x3  
  113  20:54  Immortal  
  141  20:59  Nexus  
  141  21:12  Protoss Ground Armor Level 2  
  141  21:28  Stalker x2  
  145  22:15  Stalker  
  48  22:56  Pylon  
  36  22:59  Pylon  
  36  23:01  Pylon  
  36  23:08  Pylon  
  36  23:11  Pylon  
  36  23:14  Pylon  
  36  23:15  Gateway  
  36  23:17  Gateway  
  36  23:18  Pylon  
  36  23:19  Gateway, Probe  
  38  23:20  Probe  
  38  23:25  Stalker  
  40  23:31  Nexus  
  40  23:36  Stalker x2  
  44  23:50  Robotics Facility  
  44  23:53  Pylon, Robotics Facility  
  44  23:54  Pylon  
  44  23:55  Robotics Facility  
  44  23:57  Pylon  
  44  23:59  Pylon  
  44  24:01  Photon Cannon  
  44  24:02  Pylon  
  44  24:03  Photon Cannon  
  44  24:05  Photon Cannon  
  44  24:07  Photon Cannon  
  44  24:09  Photon Cannon  
  44  24:15  Pylon  
  44  24:16  Assimilator  
  44  24:18  Pylon, Assimilator  
  44  24:20  Pylon, Assimilator  
  44  24:21  Stalker x6  
  44  24:22  Stalker  
  44  24:23  Pylon, Assimilator  
  58  24:27  Pylon  
  58  24:28  Immortal x2  
  58  24:29  Immortal  
  51  24:49  Photon Cannon  
  38  25:07  Immortal  
  38  25:08  Immortal x2  
  50  25:18  Probe  
  50  25:19  Probe  
  52  25:24  Cybernetics Core  
  52  25:30  Probe  
  53  25:47  Immortal x3  
  65  25:55  Nexus  
  65  26:05  Photon Cannon x2  
  65  26:08  Photon Cannon  
  65  26:09  Photon Cannon  
  65  26:13  Photon Cannon  
  65  26:15  Photon Cannon  
  27  26:47  Stalker  
  27  26:48  Stalker x4  
Show
View Real Time Build Order
Export as new Build Order

MattBarry Zerg 

Build Orders: Pool First 

Get SALT Encoding   

  12  0:00  Drone  
  13  0:10  Drone  
  14  0:20  Extractor  
  13  0:24  Overlord  
  13  0:27  Drone  
  15  0:40  Spawning Pool  
  14  0:43  Drone  
  14  0:47  Drone  
  16  0:52  Extractor  
  16  0:53  Drone  
  16  1:08  Drone  
  17  1:19  Drone  
  18  1:41  Overlord  
  18  1:45  Drone  
  19  1:56  Drone  
  20  2:06  Metabolic Boost  
  20  2:08  Zergling x4  
  22  2:17  Zergling x2, Queen  
  25  2:27  Hatchery  
  24  2:46  Overlord  
  24  2:47  Drone  
  25  2:53  Baneling Nest  
  25  2:55  Evolution Chamber  
  23  3:09  Drone x3  
  26  3:22  Zerg Melee Weapons Level 1  
  26  3:28  Queen  
  26  3:32  Zergling x2, Hatchery  
  26  3:33  Zergling x8  
  32  3:51  Zergling x6  
  35  3:56  Baneling x5  
  35  3:59  Zergling x2  
  36  4:23  Extractor  
  35  4:24  Drone x3  
  35  4:25  Drone, Overlord  
  35  4:26  Overlord  
  36  5:10  Zergling x2  
  36  5:11  Zergling x22  
  48  5:41  Zergling x2  
  48  5:42  Zergling x22  
  60  5:44  Baneling x7  
  60  5:45  Baneling x2  
  60  5:48  Lair  
  60  6:13  Zergling x2  
  60  6:14  Zergling x10, Overlord  
  60  6:15  Overlord  
  44  6:49  Baneling  
  44  6:50  Baneling x12  
  44  6:51  Baneling  
  44  6:58  Queen  
  44  7:00  Zergling x2  
  47  7:01  Zergling x4  
  47  7:02  Zergling x4  
  47  7:03  Zergling x2  
  35  7:48  Zergling x2, Overlord  
  35  7:49  Zergling x24  
  45  8:03  Zergling x2  
  45  8:04  Zergling x6  
  49  8:06  Baneling  
  49  8:07  Baneling x4  
  49  8:30  Hatchery  
  48  8:40  Zergling x8  
  49  8:56  Baneling x3  
  49  8:57  Baneling x7  
  49  9:01  Drone  
  50  9:05  Drone  
  50  9:06  Drone  
  52  9:13  Drone  
  52  9:14  Drone  
  54  9:19  Drone  
  54  9:20  Drone x5  
  39  10:40  Zergling x22  
  39  10:41  Zergling x24  
  62  11:04  Zergling x2  
  62  11:05  Zergling x14  
  41  11:36  Zergling x22  
  41  11:37  Zergling x2  
  51  11:48  Queen  
  51  11:50  Overlord  
  51  11:52  Overlord  
  53  11:57  Zerg Ground Armor Level 1  
  53  12:08  Nydus Network  
  52  12:28  Drone x6  
  52  12:29  Drone  
  59  12:30  Overlord x2  
  59  12:31  Overlord x2  
  59  12:37  Infestation Pit  
  55  13:15  Pathogen Glands  
  55  13:21  Spire  
  55  13:23  Centrifugal Hooks  
  55  13:26  Hive  
  54  13:27  Drone  
  54  13:28  Drone x2, Overlord x3  
  54  13:29  Overlord  
  54  13:30  Zergling x4  
  54  13:31  Zergling x18  
  68  13:36  Pneumatized Carapace  
  68  13:56  Baneling x14  
  68  13:57  Baneling x5  
  48  15:13  Corruptor x7  
  62  15:25  Extractor  
  53  15:38  Zergling x26  
  53  15:39  Zergling x6  
  59  16:15  Queen  
  61  16:26  Greater Spire  
  61  16:30  Drone x2  
  61  16:31  Drone x4  
  61  16:32  Drone x6  
  73  16:40  Extractor x2  
  71  16:47  Overlord  
  71  17:07  Zerg Melee Weapons Level 2  
  71  17:10  Adrenal Glands  
  71  17:16  Corruptor  
  71  17:17  Corruptor  
  69  17:41  Corruptor  
  70  18:09  Corruptor  
  70  18:10  Corruptor x5  
  83  18:12  Zergling x2  
  83  18:13  Zergling x14  
  19  19:31  Swarm Host, Zergling x2, Drone  
  13  19:34  Drone x5  
  13  19:35  Drone x4  
  25  19:56  Zergling x2  
  25  19:57  Zergling x4  
  18  20:36  Queen  
  20  20:51  Hatchery  
  19  21:04  Hatchery  
  19  21:05  Drone x13  
  31  21:31  Overlord  
  31  21:36  Drone x5  
  31  21:37  Drone x4  
  36  22:27  Drone x8  
  40  23:06  Drone  
  40  23:07  Drone x3  
  44  24:03  Zergling x12  
  50  24:16  Hatchery  
  48  24:51  Queen  
  50  24:54  Zergling x2  
  50  24:55  Zergling x26  
  55  25:38  Zergling x2  
  55  25:39  Zergling x6  
  59  25:44  Zergling x10  
  59  25:45  Zergling x10  
Show
View Real Time Build Order
Export as new Build Order

supermariobb Terran - Winner!

Build Orders: Command Center First (CC) 

Get SALT Encoding   

  12  0:00  SCV  
  13  0:12  SCV  
  14  0:24  SCV  
  15  0:36  Supply Depot  
  15  0:58  SCV  
  16  1:10  SCV  
  17  1:22  SCV  
  18  1:28  Command Center  
  18  1:34  SCV  
  19  1:46  SCV  
  20  1:58  SCV  
  21  2:10  SCV  
  22  2:22  SCV  
  22  2:25  Command Center  
  23  2:30  Refinery  
  23  2:39  SCV  
  24  2:48  Supply Depot  
  24  2:51  SCV  
  24  2:52  SCV, Refinery  
  26  3:04  SCV x2  
  28  3:16  Barracks, SCV x2  
  30  3:28  SCV  
  30  3:33  Barracks, SCV  
  32  3:41  SCV  
  33  3:45  SCV  
  34  3:53  SCV  
  34  3:54  Engineering Bay  
  35  4:04  Barracks  
  35  4:14  Barracks Reactor  
  35  4:20  Barracks Tech Lab  
  35  4:22  Factory  
  35  4:24  SCV  
  36  4:26  SCV  
  36  4:29  Refinery x2  
  36  4:31  SCV  
  38  4:36  SCV, Terran Infantry Weapons Level 1  
  39  4:38  SCV  
  39  4:39  Combat Shield  
  40  4:48  SCV  
  40  4:50  Marine x2, SCV  
  40  4:52  Barracks Tech Lab  
  44  4:53  Barracks Reactor  
  42  5:00  SCV  
  41  5:08  Marine x2  
  41  5:12  SCV  
  41  5:13  Factory Tech Lab  
  44  5:22  Bunker  
  44  5:25  Marine x2  
  46  5:35  Marine x2  
  47  5:38  SCV  
  47  5:41  Refinery  
  49  5:43  Marine x2, Refinery  
  49  5:47  Planetary Fortress  
  51  5:50  SCV  
  51  5:52  Orbital Command  
  51  5:53  Marine x2  
  54  6:01  Marine  
  54  6:02  SCV  
  54  6:03  Stimpack  
  56  6:13  Refinery  
  56  6:14  SCV  
  57  6:22  Missile Turret  
  54  6:26  SCV  
  54  6:30  Terran Infantry Armor Level 1  
  54  6:31  SCV  
  56  6:38  Siege Tank  
  59  6:41  Marauder  
  61  6:52  Command Center  
  61  7:03  Supply Depot  
  61  7:06  Supply Depot  
  61  7:08  Supply Depot  
  61  7:24  Marine x4  
  61  7:25  SCV, Siege Tank  
  61  7:37  SCV  
  61  7:39  Marine  
  61  7:42  Marine x4  
  61  7:44  SCV  
  58  7:49  SCV  
  59  7:56  SCV  
  59  7:57  Siege Tank  
  63  8:00  Supply Depot, Marine x4  
  63  8:01  SCV  
  63  8:04  Supply Depot  
  68  8:08  SCV  
  69  8:13  SCV  
  69  8:14  Missile Turret  
  69  8:17  Missile Turret  
  69  8:18  Marine x3  
  73  8:20  SCV  
  73  8:25  SCV  
  75  8:32  Missile Turret, SCV  
  76  8:37  SCV  
  76  8:38  Missile Turret  
  77  8:44  SCV  
  78  8:49  SCV  
  78  8:52  Missile Turret  
  79  8:56  Siege Tank  
  79  8:59  Supply Depot, Missile Turret  
  79  9:02  Supply Depot  
  82  9:03  Marine x3  
  82  9:04  Marine  
  82  9:08  SCV  
  87  9:11  Planetary Fortress  
  87  9:14  Missile Turret  
  87  9:16  SCV  
  88  9:20  Missile Turret, SCV  
  88  9:21  Marine x4  
  93  9:28  SCV  
  94  9:32  SCV  
  94  9:37  Armory  
  95  9:39  Marine x4  
  95  9:40  SCV  
  95  9:44  SCV  
  95  9:45  Starport  
  101  9:52  SCV  
  102  9:56  SCV  
  102  9:57  Marine x2  
  105  10:03  Siege Tank  
  105  10:04  SCV  
  109  10:23  Starport  
  107  10:35  Siege Tank  
  100  10:37  Marine x2  
  100  10:38  Marine  
  100  10:39  Marine  
  100  10:40  Marine  
  94  10:47  Missile Turret  
  90  10:55  Marine x2  
  90  10:56  Marine x2  
  93  10:58  Marine  
  95  11:05  Starport Tech Lab x2  
  95  11:07  Thor  
  95  11:10  Starport  
  101  11:12  Marine  
  101  11:13  Marine  
  101  11:14  Marine x2  
  101  11:16  Marine  
  106  11:21  Fusion Core  
  106  11:22  Terran Infantry Weapons Level 2  
  106  11:24  Terran Ship Weapons Level 1  
  106  11:29  SCV  
  106  11:30  Marine x2  
  106  11:32  Marine x2  
  111  11:33  Refinery  
  111  11:34  Marine  
  111  11:35  SCV, Refinery  
  113  11:41  SCV  
  113  11:42  Missile Turret  
  114  11:47  SCV  
  114  11:48  Marine x2  
  114  11:49  Starport  
  114  11:50  Marine x2, Starport Tech Lab  
  114  11:52  Marine  
  114  11:53  SCV  
  121  11:55  Thor  
  121  11:59  SCV  
  128  12:05  SCV  
  128  12:06  Marine x2  
  128  12:08  Marine  
  132  12:16  Supply Depot  
  132  12:19  Supply Depot  
  132  12:37  Marine x5  
  132  12:38  Supply Depot, SCV x2  
  132  12:40  Thor  
  132  12:43  Supply Depot  
  145  12:50  SCV x2  
  147  12:55  Marine  
  148  13:00  Marine x3  
  148  13:02  Supply Depot, SCV  
  152  13:07  Supply Depot, Armory  
  152  13:08  Battlecruiser x2  
  164  13:14  Starport Tech Lab  
  164  13:23  Marine, SCV, Battlecruiser  
  172  13:29  Supply Depot  
  172  13:34  Supply Depot  
  172  13:35  SCV  
  172  13:38  Terran Infantry Armor Level 2  
  172  13:40  Battlecruiser  
  179  13:44  Terran Ship Weapons Level 2  
  179  13:52  Supply Depot  
  179  13:56  Supply Depot  
  179  13:59  Barracks  
  179  14:05  Planetary Fortress  
  179  14:09  Missile Turret, Command Center  
  179  14:12  Battlecruiser x2  
  191  14:19  Supply Depot  
  191  14:22  Terran Vehicle And Ship Armor Level 1  
  191  14:28  Battlecruiser  
  191  14:30  Missile Turret  
  197  14:36  Command Center  
  178  14:54  Marine x4, Barracks Reactor  
  178  14:56  Marine  
  128  15:12  Marine x4  
  120  15:14  Marine  
  115  15:29  Marine  
  115  15:30  Marine x3  
  115  15:32  Marine  
  120  15:45  Battlecruiser x4  
  120  15:47  Marine  
  120  15:48  Marine x3  
  148  15:50  Marine  
  148  15:52  Refinery  
  148  15:54  Terran Infantry Weapons Level 3  
  149  16:05  Marine x3  
  149  16:06  Marine  
  149  16:07  Marine  
  154  16:11  Terran Ship Weapons Level 3  
  154  16:16  Terran Vehicle And Ship Armor Level 2  
  154  16:17  Command Center, Refinery  
  154  16:33  Marine x3  
  154  16:34  Marine x3  
  160  16:49  Battlecruiser x3  
  160  16:50  Battlecruiser  
  160  16:51  Marine x3  
  186  17:31  Missile Turret  
  186  17:33  Planetary Fortress  
  180  17:51  Missile Turret  
  180  17:53  Battlecruiser x2  
  180  17:54  Battlecruiser  
  198  18:31  Terran Infantry Armor Level 3  
  144  19:10  Battlecruiser x4  
  144  19:12  Marine x5  
  144  19:13  Marine  
  168  19:30  Marine x5  
  173  19:53  Marine x6  
  173  19:55  Marine  
  160  20:10  Marine  
  160  20:11  Marine x5  
  160  20:13  Marine  
  147  20:14  Battlecruiser  
  147  20:15  Thor  
  147  20:19  Battlecruiser x2  
  147  20:20  Battlecruiser  
  171  20:28  Marine x2  
  171  20:29  Marine x4  
  171  20:31  Marine  
  166  20:46  Marine x4  
  166  20:47  Marine x2, Command Center  
  166  20:49  Marine  
  173  21:04  Marine x5  
  173  21:05  Marine  
  173  21:06  Marine  
  180  21:17  Missile Turret  
  180  21:22  Marine x2  
  176  21:36  Missile Turret  
  176  21:37  Missile Turret  
  158  21:57  Refinery  
  158  21:58  Missile Turret  
  158  22:08  Battlecruiser x4  
  182  22:09  Marine x6  
  182  22:11  Marine  
  182  22:12  Thor  
  188  22:23  Refinery  
  188  22:26  Marine  
  188  22:27  Marine x5  
  188  22:29  Marine  
  124  22:44  Marine x2  
  124  22:45  Marine x4  
  124  22:47  Marine  
  125  22:54  SCV  
  125  22:55  Thor  
  125  22:56  Planetary Fortress  
  131  23:01  Missile Turret  
  131  23:02  Marine x4  
  131  23:03  Marine x2  
  131  23:04  Marine  
  138  23:06  SCV  
  138  23:12  Battlecruiser x4  
  163  23:18  SCV  
  164  23:20  Marine x5  
  164  23:21  Marine  
  164  23:22  Marine  
  164  23:23  Missile Turret  
  171  23:30  SCV  
  171  23:33  Terran Vehicle Weapons Level 1  
  172  23:35  Terran Vehicle And Ship Armor Level 3  
  172  23:38  Marine x6  
  172  23:40  Marine  
  179  23:41  SCV  
  179  23:42  SCV  
  181  23:53  SCV  
  181  23:54  SCV  
  183  23:55  Marine  
  183  23:56  Marine x5  
  183  23:58  Marine  
  190  24:06  SCV  
  191  24:13  Marine x2  
  191  24:14  Marine x4  
  191  24:16  Marine  
  198  24:20  Refinery x2  
  198  24:21  Missile Turret  
  198  24:31  Marine x2  
  170  25:18  Battlecruiser x4  
  176  25:39  Marine x4  
  176  25:40  Marine x2  
  182  25:57  Marine x6  
  188  26:14  Marine  
  188  26:15  Marine x5  
  200  26:32  Marine  
  196  26:33  Marine x5  
Show
View Real Time Build Order
Export as new Build Order

MadSkilz Zerg - Winner!

Build Orders: Pool First 

Get SALT Encoding   

  12  0:01  Drone  
  13  0:09  Drone  
  14  0:18  Overlord  
  14  0:36  Spawning Pool  
  14  0:39  Drone  
  14  0:51  Drone  
  14  0:54  Extractor  
  14  0:55  Drone x2  
  16  1:11  Overlord  
  16  1:16  Drone  
  17  1:24  Roach Warren  
  16  1:28  Zergling x2  
  16  1:31  Queen  
  19  1:44  Zergling x2  
  20  1:52  Drone  
  21  2:00  Drone  
  22  2:13  Drone  
  23  2:19  Extractor  
  23  2:20  Drone  
  23  2:43  Roach  
  25  2:45  Hatchery  
  25  2:46  Lair  
  24  2:52  Drone x2  
  24  2:53  Drone x2  
  28  3:02  Overlord  
  28  3:15  Overlord  
  28  3:23  Roach x3  
  34  3:37  Metabolic Boost  
  34  3:45  Glial Reconstitution  
  34  3:52  Zergling x2  
  34  3:53  Zergling x6  
  38  3:57  Queen  
  38  3:58  Drone  
  41  4:03  Drone  
  41  4:08  Drone  
  43  4:10  Drone  
  44  4:19  Drone x3  
  47  4:24  Overlord  
  47  4:31  Queen  
  49  4:48  Baneling Nest  
  49  4:49  Drone  
  49  4:51  Overlord  
  49  4:54  Drone  
  49  4:55  Drone x2  
  52  5:00  Spore Crawler  
  37  5:36  Hydralisk Den  
  37  5:39  Drone x2  
  37  5:40  Drone x2  
  40  5:43  Extractor x2  
  40  5:46  Zergling x6  
  41  5:51  Roach  
  41  5:52  Roach x2  
  41  5:54  Centrifugal Hooks  
  47  5:59  Drone x2  
  49  6:05  Grooved Spines  
  49  6:07  Hydralisk x3  
  55  6:14  Drone x3  
  55  6:15  Drone  
  59  6:23  Spore Crawler  
  58  6:27  Baneling x3  
  58  6:28  Baneling  
  58  6:30  Hydralisk x2  
  62  6:42  Zergling x2  
  62  6:43  Zergling x4  
  65  6:57  Spore Crawler  
  62  7:07  Spore Crawler  
  61  7:09  Hydralisk x3  
  67  7:17  Muscular Augments  
  67  7:19  Spore Crawler  
  67  7:20  Spore Crawler, Drone  
  67  7:21  Drone  
  65  7:30  Hatchery  
  58  7:47  Hydralisk x3  
  56  8:00  Hydralisk x5  
  64  8:08  Drone x2  
  64  8:10  Drone x2  
  68  8:26  Overlord  
  68  8:27  Overlord x2  
  66  9:07  Nydus Network  
  66  9:09  Hydralisk x2  
  67  9:10  Hydralisk x2, Roach x3  
  67  9:11  Roach  
  81  9:23  Drone x3  
  81  9:24  Drone  
  85  9:25  Drone  
  85  9:26  Drone  
  74  9:55  Nydus Canal  
  66  10:04  Hydralisk  
  66  10:05  Hydralisk x5  
  59  11:06  Hydralisk  
  59  11:07  Hydralisk x3  
  33  12:42  Hatchery  
  32  13:17  Hydralisk x5  
  42  13:46  Hatchery  
  41  13:50  Drone x3  
  44  13:56  Drone  
  45  14:18  Queen  
  43  15:09  Nydus Canal  
  43  15:15  Zergling x2  
  43  15:16  Zergling x6  
  19  16:08  Drone  
  19  16:09  Drone x2  
  20  16:11  Overlord  
  20  16:48  Zergling x4  
  20  16:49  Zergling x10  
  16  17:59  Zergling x6  
  16  18:01  Zergling x2, Hatchery  
  16  18:02  Zergling x2  
  20  19:40  Drone x2  
  20  19:41  Drone x3  
  24  20:20  Zergling x18  
  29  20:48  Nydus Canal  
  29  20:53  Zergling x2  
  29  20:54  Zergling x16  
  29  20:55  Zergling x2  
  39  21:22  Hatchery  
  23  21:42  Extractor  
  23  21:43  Extractor  
  23  21:44  Drone x3  
  24  21:56  Drone  
  24  22:00  Drone x2  
  27  22:07  Zergling x4  
  27  22:08  Zergling x2  
  30  22:09  Zergling x4  
  30  22:10  Zergling x2  
  30  22:12  Zergling x2  
  36  22:27  Lair  
  36  22:29  Queen  
  36  22:37  Baneling Nest  
  35  23:01  Hatchery  
  35  23:03  Zergling x10  
  39  24:15  Nydus Canal  
  39  24:35  Nydus Canal  
  39  24:40  Zergling x6  
  39  24:44  Spine Crawler  
  41  24:47  Spine Crawler  
  41  24:49  Drone x3  
  44  24:55  Spine Crawler  
  43  25:18  Drone  
  43  25:19  Drone  
  37  25:23  Drone x3  
  37  25:25  Drone x3  
  35  25:42  Roach Warren  
  35  25:45  Hydralisk Den  
  35  25:48  Drone x2  
  35  25:49  Drone  
  36  25:50  Drone  
  36  25:52  Drone  
  36  25:53  Drone x9  
  47  26:01  Baneling  
  47  26:02  Baneling x5  
  47  26:42  Roach x2  
  47  26:43  Roach x2  
  65  26:49  Drone x2  
  65  26:50  Drone  
  65  26:53  Hatchery  
Show
View Real Time Build Order
Export as new Build Order

Destruction Zerg - Winner!

Build Orders: Hatch First 

Get SALT Encoding   

  12  0:00  Drone  
  13  0:12  Overlord  
  13  0:23  Drone  
  14  0:45  Hatchery  
  13  0:59  Spawning Pool  
  13  1:01  Drone  
  13  1:05  Drone  
  14  1:14  Drone  
  15  1:35  Drone x3  
  18  2:07  Drone  
  19  2:09  Zergling x4  
  19  2:10  Queen  
  19  2:14  Drone  
  19  2:15  Zergling x2  
  25  2:19  Zergling x2  
  26  2:27  Zergling x2, Extractor  
  26  2:39  Zergling x4  
  28  2:55  Overlord  
  28  2:58  Overlord  
  28  3:02  Overlord  
  28  3:22  Zergling x4  
  28  3:23  Zergling x10  
  35  3:31  Metabolic Boost  
  35  3:42  Drone  
  35  3:44  Queen  
  35  3:47  Overlord  
  38  3:49  Overlord  
  38  3:52  Overlord  
  38  3:54  Overlord  
  38  3:56  Drone  
  39  4:11  Lair  
  39  4:22  Drone  
  39  4:23  Drone  
  41  4:29  Drone x4  
  31  5:02  Zergling x8  
  31  5:03  Zergling x8  
  39  5:13  Drone, Baneling Nest  
  40  5:14  Drone x2  
  40  5:16  Zergling x2  
  39  5:33  Zergling x6  
  42  5:52  Evolution Chamber  
  42  5:56  Extractor  
  40  5:58  Zergling x12  
  40  5:59  Zergling x4  
  40  6:02  Baneling x3  
  40  6:03  Baneling x2  
  48  6:08  Centrifugal Hooks  
  48  6:14  Zergling x2  
  48  6:15  Zergling x8  
  38  6:34  Zergling x8  
  40  6:45  Zergling x8  
  44  6:53  Zerg Melee Weapons Level 1  
  44  7:04  Drone x2  
  46  7:12  Extractor  
  46  7:15  Extractor  
  40  7:28  Zergling x12  
  40  7:29  Zergling x8  
  42  7:39  Zergling x2  
  42  7:47  Roach Warren, Drone  
  32  8:00  Zergling x8  
  32  8:01  Zergling x4  
  38  8:23  Drone x2  
  40  8:30  Roach  
  40  8:31  Roach x3  
  48  8:48  Zerg Ground Armor Level 1  
  41  8:51  Glial Reconstitution  
  41  8:53  Roach x4  
  41  8:54  Roach x4  
  57  9:03  Roach x2  
  61  9:39  Hatchery  
  60  10:07  Roach  
  60  10:08  Roach x3  
  60  10:13  Overlord x4  
  60  10:14  Overlord x4  
  42  10:25  Roach x3  
  42  10:34  Drone  
  43  10:38  Roach  
  43  10:39  Roach x4  
  43  10:40  Roach  
  43  10:42  Zerg Missile Weapons Level 1  
  55  10:45  Spire  
  50  10:56  Roach x2  
  50  11:05  Roach x2  
  54  11:32  Queen  
  56  11:34  Queen  
  56  11:38  Drone x2  
  56  11:39  Drone  
  61  11:45  Drone  
  61  11:46  Drone  
  63  11:48  Drone  
  62  12:28  Mutalisk  
  62  12:29  Roach x4  
  74  12:30  Roach x4  
  56  12:44  Roach  
  56  12:45  Roach  
  60  12:57  Roach x3  
  60  12:58  Roach x3  
  72  13:17  Mutalisk  
  72  13:18  Mutalisk x3  
  80  13:24  Zerg Flyer Weapons Level 1  
  80  13:29  Drone x3  
  83  13:58  Mutalisk x3  
  83  13:59  Mutalisk x3  
  95  14:18  Mutalisk  
  95  14:19  Mutalisk x4  
  105  14:39  Mutalisk  
  105  14:40  Mutalisk x3  
  105  14:41  Mutalisk  
  63  15:05  Roach x4  
  63  15:06  Roach  
  71  15:18  Roach x2  
  75  15:44  Mutalisk x4  
  71  16:16  Mutalisk  
  71  16:17  Mutalisk x5  
  75  16:34  Mutalisk  
  75  16:35  Mutalisk x2  
  81  16:52  Extractor  
  80  16:54  Extractor  
  79  17:05  Mutalisk x3  
  85  17:26  Mutalisk x2  
  89  17:31  Drone x3  
  89  17:32  Drone x2  
  89  17:33  Drone  
  95  17:50  Mutalisk x2  
  99  17:54  Zergling x6  
  99  17:55  Zergling x10  
  107  18:10  Zerg Flyer Armor Level 1  
  107  18:28  Mutalisk x2  
  107  18:29  Mutalisk x2  
  115  18:34  Zergling x4  
  117  18:53  Mutalisk x2  
  121  19:17  Overlord x4  
  121  19:18  Overlord x2  
  49  19:38  Mutalisk x2  
  49  19:39  Mutalisk  
  53  20:03  Mutalisk x3  
  53  20:04  Mutalisk x2  
  61  20:13  Mutalisk x7  
  75  20:27  Zerg Flyer Weapons Level 2  
  75  20:48  Mutalisk x2  
  75  20:49  Mutalisk x3  
  85  21:08  Mutalisk x2  
  85  21:10  Mutalisk  
  91  21:29  Hatchery  
  90  21:44  Mutalisk  
  90  21:45  Mutalisk x3  
  74  21:58  Mutalisk  
  70  22:03  Zergling x6  
  70  22:04  Zergling x6  
  70  22:05  Zergling x8  
  68  22:17  Zerg Ground Armor Level 2  
  67  22:34  Zergling x4  
  67  22:35  Zergling x8  
  64  22:58  Drone  
  65  22:59  Drone  
  65  23:03  Queen  
  66  23:27  Mutalisk x4  
  66  23:28  Mutalisk x2  
  78  23:58  Extractor  
  78  24:01  Extractor  
  76  24:15  Zerg Flyer Armor Level 2  
  76  24:22  Infestation Pit  
  43  24:56  Hydralisk Den  
  42  25:04  Queen  
  44  25:13  Hive  
  44  25:25  Zergling x6  
  44  25:26  Zergling x12  
  44  25:27  Zergling x8  
  44  25:28  Zergling x26  
  60  25:29  Zergling x10  
  75  25:47  Drone  
  66  26:38  Zergling x6  
  66  26:39  Zergling x10  
  69  26:40  Zergling x10  
  69  26:41  Zergling x4  
Tags
 
Add a new tag
Caveats
  • Supply blocks, unpowered buildings, or Contaminate may cause inaccurate times.
  • Supply counts are checked every 10 seconds.